 Dungeon Crawl Stone Soup version 0.26.1-2-gb8aa6d0cf2 (webtiles) character file.

Game seed: 4972209852095633360

11666 promet the Fighter (level 11, 0/90 HPs)
             Began as a Demonspawn Gladiator on Feb 14, 2021.
             Was an Elder of Nemelex Xobeh.
             Slain by a boulder beetle (20 damage)
             ... on level 2 of the Lair of Beasts on Feb 16, 2021.
             The game lasted 01:34:37 (15097 turns).

promet the Fighter (Demonspawn Gladiator)          Turns: 15097, Time: 01:34:38

Health: 0/90       AC: 19    Str: 20      XL:     11   Next: 52%
Magic:  0/11       EV:  8    Int:  7      God:    Nemelex Xobeh [****..]
Gold:   1161       SH:  0    Dex: 16 (17) Spells: 10/10 levels left

rFire    + . .     SeeInvis .   E - +0 lajatang
rCold    + + .     Faith    .   (shield currently unavailable)
rNeg     . . .     Spirit   +   q - +0 plate armour
rPois    +         Reflect  .   (helmet restricted)
rElec    .         Harm     .   m - scarf {rC+ rF+}
rCorr    +         Rampage  .   l - +2 pair of gloves
Will     .....                  (no boots)
Stlth    ..........             z - amulet of guardian spirit
HPRegen  0.25/turn              k - ring of poison resistance
MPRegen  0.12/turn              p - ring of resist corrosion

@: no status effects
A: beak, talons 2, molten scales 2, cold resistance 1, dopey 1, foul stench 1,
poison resistance, strong 2, miasma immunity, freezing cloud immunity
a: Renounce Religion, Draw Escape, Draw Destruction, Draw Summoning, Triple
Draw, Deal Four


You were on level 2 of the Lair of Beasts.
You worshipped Nemelex Xobeh.
Nemelex Xobeh was greatly pleased with you.
You visited 3 branches of the dungeon, and saw 13 of its levels.

You collected 1161 gold pieces.

Inventory:

Hand Weapons
 a - a +2 spear of venom
 b - a +0 hunting sling
 f - a +0 trident
 h - a +2 dagger of speed
 v - a +1 dagger of draining
 E - a +0 lajatang (weapon)
 P - a +0 shortbow
Missiles
 d - 4 throwing nets
 e - 193 stones
 i - 118 sling bullets
 j - 7 curare-tipped darts
 o - 88 bolts
 s - 83 arrows
 u - 45 poisoned darts
 D - 12 boomerangs (quivered)
Armour
 l - a +2 pair of gloves (worn)
 m - a scarf of resistance (worn)
 n - a +0 cloak
 q - a +0 plate armour (worn)
Jewellery
 g - an uncursed ring of protection from cold
 k - a ring of poison resistance (left hand)
 p - a ring of resist corrosion (right hand)
 z - an amulet of guardian spirit (around neck)
Wands
 w - a wand of enslavement (2)
 C - a wand of iceblast (16)
 G - a wand of polymorph (2)
 M - a wand of flame (36)
 U - a wand of paralysis (2)
Scrolls
 t - 4 scrolls of remove curse
 y - a scroll of magic mapping
 A - 2 scrolls of fear
 H - 5 scrolls of teleportation
 J - 3 scrolls of identify
 O - 2 scrolls of blinking
 S - a scroll of amnesia
Potions
 r - a potion of ambrosia
 x - 4 potions of curing
 B - a potion of berserk rage
 I - 3 potions of haste
 L - a potion of brilliance
 R - a potion of flight
 T - a potion of lignification


   Skills:
 * Level 9.7 Fighting
 + Level 1.5 Short Blades
 + Level 9.5(9.7) Polearms
 + Level 3.1(6.8) Staves
 + Level 6.0(6.2) Slings
 + Level 1.5 Bows
 + Level 2.5(4.6) Throwing
 + Level 7.6 Armour
 + Level 3.5 Dodging
 + Level 1.0 Stealth
 + Level 1.9 Evocations


You had 10 spell levels left.
You didn't know any spells.
Your spell library contained the following spells:

 Spells                   Type           Power        Failure   Level
 Shock                    Conj/Air       0%           100%        1
 Poisonous Vapours        Pois/Air       0%           100%        2
 Swiftness                Air            0%           100%        2
 Conjure Flame            Conj/Fire      0%           100%        3
 Mephitic Cloud           Conj/Pois/Air  0%           100%        3
 Static Discharge         Conj/Air       0%           100%        3
 Airstrike                Air            0%           100%        4
 Irradiate                Conj/Tmut      0%           100%        5
 Lightning Bolt           Conj/Air       0%           100%        5
 Freezing Cloud           Conj/Ice/Air   0%           100%        6
 Hydra Form               Tmut           0%           100%        6
 Statue Form              Tmut/Erth      0%           100%        6
 Dragon Form              Tmut           0%           100%        7


Dungeon Overview and Level Annotations

Branches:
Dungeon (10/15)            Temple (1/1) D:4            Lair (2/6) D:10
  Swamp: Lair:2-4    Shoals: Lair:2-4     Snake: Lair:2-4    Spider: Lair:2-4
    Orc: D:9-12

Altars:
Ashenzari
Cheibriados
Dithmenos
Elyvilon
Fedhas
Gozag
Hepliaklqana
Kikubaaqudgha
Makhleb
Nemelex Xobeh
Okawaru
Qazlal
Sif Muna
Uskayaw
Vehumet
Wu Jian
Xom
Yredelemnul
Zin
The Shining One

Shops:
D:4 }   D:7 !

Annotations:
D:6 Menkaure


Innate Abilities, Weirdness & Mutations

You have razor-sharp toenails.
You are mostly covered in molten scales. (AC +3)
Your flesh is cold resistant. (rC+)
You may emit foul miasma when damaged in melee.
You are immune to miasma.
You are immune to freezing clouds.
You have a beak for a mouth.
You are dopey. (Int -2)
Your system is resistant to poisons. (rPois)
Your muscles are very strong. (Str +4)


Message History

You barely miss the boulder beetle.
You claw the boulder beetle, but do no damage.
The boulder beetle is moderately wounded.
The boulder beetle bites you but does no damage.
As you read the scroll of teleportation, it crumbles to dust.
You feel strangely unstable. The boulder beetle bites you.
* * * LOW HITPOINT WARNING * * *
The boulder beetle curls into a ball and begins rolling!
The boulder beetle hits you!
* * * LOW HITPOINT WARNING * * *
The boulder beetle stops rolling and uncurls.
Your surroundings suddenly seem different.
Found a robe.
Found a stone staircase leading down.
The boulder beetle curls into a ball and begins rolling!
Found 16 gold pieces.
A boulder beetle is nearby!
A boulder beetle is nearby!
The boulder beetle hits you!!
You die...
Your body glows with a rainbow of weird colours and disappears.

... ..# . .P# ..
..#..# ..$.#
####..P# ##.8.##
#.....#
#8.@.8#.#
#[B....#
##.°.###
..#.#°.#
#.#.....
###.........###
#....##.##....##
:.#......##....#
#..........## .


You could see a boulder beetle (sick).

Vanquished Creatures
  A hydra (Lair:1)
  Harold (D:8)
  A shock serpent (D:8)
  A salamander (Lair:1)
  Joseph (D:7)
  2 cane toads
  A komodo dragon (Lair:1)
  2 hornets
  A wyvern (D:8)
  A shadow (D:8)
  15 yaks
  2 wargs (D:9)
  3 water moccasins
  Edmund (D:4)
  3 orc warriors
  2 phantoms (D:5)
  2 ice beasts
  3 sky beasts
  5 ogres
  2 black bears
  An eye of draining (D:9)
  A tengu (Lair:1)
  3 centaurs
  A big kobold (D:9)
  8 bullfrogs
  5 scorpions
  An electric eel (Lair:1)
  3 howler monkeys
  A lava snake (Lair:1)
  4 bullfrog zombies
  3 jellies
  A quasit (D:8)
  6 hounds
  5 orc priests
  7 orc wizards
  2 centaur skeletons
  3 bullfrog skeletons
  4 iguanas
  Ijyb (D:4)
  8 worker ants
  A killer bee zombie (D:7)
  4 hound zombies
  A hound skeleton (D:4)
  2 worker ant zombies
  4 gnolls (D:7)
  11 adders
  3 shadow imps
  5 white imps
  An adder skeleton (D:4)
  4 worms
  3 dart slugs
  6 leopard geckos
  37 orcs
  A ball python (D:2)
  4 bats
  9 giant cockroaches
  4 goblins
  8 hobgoblins
  9 jackals
  2 quokkas (D:6)
  8 frilled lizards
  2 giant cockroach zombies (D:4)
  17 kobolds
  2 leopard gecko skeletons
  2 quokka skeletons
  11 rats
279 creatures vanquished.

Vanquished Creatures (collateral kills)
  A scorpion (D:9)
  A jelly (D:9)
  An orc (D:9)
  A jackal (D:8)
4 creatures vanquished.

Vanquished Creatures (others)
  A fire vortex (Lair:1)
  2 fungi
  3 plants (Lair:1)
6 creatures vanquished.

Grand Total: 289 creatures vanquished

Notes
Turn   | Place    | Note
-------+----------+-------------------------------------------
     0 | D:1      | promet the Demonspawn Gladiator began the quest for the
                  | Orb.
     0 | D:1      | Reached XP level 1. HP: 16/16 MP: 1/1
   114 | D:1      | Gained mutation: Your flesh is cold resistant. (rC+)
                  | [demonic ancestry]
   114 | D:1      | Reached XP level 2. HP: 22/22 MP: 2/2
  1448 | D:1      | Gained mutation: You have sharp toenails. [demonic
                  | ancestry]
  1448 | D:1      | Reached XP level 3. HP: 27/27 MP: 3/3
  2443 | D:2      | Reached skill level 1 in Armour
  2448 | D:2      | Gained mutation: You are partially covered in molten
                  | scales. (AC +2) [demonic ancestry]
  2448 | D:2      | Reached XP level 4. HP: 33/33 MP: 4/4
  2859 | D:3      | Reached skill level 1 in Short Blades
  2988 | D:3      | Reached XP level 5. HP: 39/39 MP: 5/5
  3084 | D:3      | Found an iron altar of Okawaru.
  3513 | D:3      | Found a shadowy altar of Dithmenos.
  3599 | D:3      | Reached skill level 1 in Slings
  4015 | D:4      | Found Keazoo's Gadget Emporium.
  4095 | D:4      | Noticed Edmund
  4100 | D:4      | Gained mutation: You are immune to miasma. [demonic
                  | ancestry]
  4100 | D:4      | Reached XP level 6. HP: 47/47 MP: 6/6
  4118 | D:4      | Killed Edmund
  4146 | D:4      | Found a staircase to the Ecumenical Temple.
  4152 | Temple   | Entered the Ecumenical Temple
  4195 | Temple   | Became a worshipper of Nemelex Xobeh the Trickster
  4514 | D:4      | Found an opulent altar of Gozag.
  4527 | D:4      | Gained mutation: You are mostly covered in molten scales.
                  | (AC +3) [demonic ancestry]
  4527 | D:4      | Reached XP level 7. HP: 52/52 MP: 7/7
  4575 | D:4      | Noticed Ijyb
  4594 | D:4      | Killed Ijyb
  4671 | D:4      | Found a white marble altar of Elyvilon.
  4673 | D:4      | Found a shimmering altar of Xom.
  4761 | D:5      | Entered Level 5 of the Dungeon
  4934 | D:5      | Reached skill level 5 in Polearms
  5400 | D:6      | Gained mutation: You have razor-sharp toenails. [demonic
                  | ancestry]
  5400 | D:6      | Reached XP level 8. HP: 54/61 MP: 8/8
  5643 | D:5      | Reached skill level 5 in Fighting
  5809 | D:5      | Reached * piety under Nemelex Xobeh
  6210 | D:6      | Noticed Menkaure
  6418 | D:6      | Received a gift from Nemelex Xobeh
  7397 | D:7      | Gained mutation: You are immune to freezing clouds.
                  | [demonic ancestry]
  7397 | D:7      | Reached XP level 9. HP: 69/69 MP: 9/9
  7709 | D:7      | Found a broken altar of Ashenzari.
  7864 | D:7      | Reached ** piety under Nemelex Xobeh
  7913 | D:7      | Noticed Joseph
  7941 | D:7      | Killed Joseph
  7942 | D:7      | Reached skill level 5 in Armour
  8087 | D:7      | Found a shadowy altar of Dithmenos.
  8168 | D:7      | Found Fyparchi's Distillery.
  8928 | D:8      | Found a basalt altar of Yredelemnul.
  9379 | D:8      | Found a hazy altar of Hepliaklqana.
  9671 | D:8      | Noticed a deep troll
  9685 | D:8      | Noticed a shock serpent
  9685 | D:8      | a deep troll changed into a shock serpent
  9689 | D:8      | Killed a shock serpent
  9690 | D:8      | Reached XP level 10. HP: 37/79 MP: 10/10
 10073 | D:8      | Identified a scroll of acquirement
 10073 | D:8      | Acquired 513 gold pieces
 10163 | D:9      | Noticed Harold
 10194 | D:8      | Killed Harold
 10439 | D:9      | Reached skill level 1 in Evocations
 10674 | D:9      | Reached skill level 5 in Slings
 10942 | D:9      | Reached skill level 1 in Stealth
 11045 | D:9      | Found a blossoming altar of Fedhas.
 11175 | D:10     | Entered Level 10 of the Dungeon
 11175 | D:10     | Reached *** piety under Nemelex Xobeh
 12627 | D:10     | Reached skill level 1 in Bows
 13075 | D:10     | Gained mutation: You may emit foul miasma when damaged in
                  | melee. [demonic ancestry]
 13075 | D:10     | Reached XP level 11. HP: 71/87 MP: 11/11
 13196 | D:10     | Found a staircase to the Lair.
 13307 | Lair:1   | Entered Level 1 of the Lair of Beasts
 13502 | Lair:1   | Received a gift from Nemelex Xobeh
 13710 | Lair:1   | Gained mutation: You evolve. [potion of mutation]
 13710 | Lair:1   | Gained mutation: You occasionally shout uncontrollably at
                  | your foes. [potion of mutation]
 13710 | Lair:1   | Gained mutation: You passively map a small area around you.
                  | [potion of mutation]
 13711 | Lair:1   | Lost mutation: You occasionally shout uncontrollably at
                  | your foes. [potion of mutation]
 13711 | Lair:1   | Lost mutation: You evolve. [potion of mutation]
 13711 | Lair:1   | Lost mutation: You passively map a small area around you.
                  | [potion of mutation]
 13711 | Lair:1   | Gained mutation: You are weak. (Str -2) [potion of
                  | mutation]
 13711 | Lair:1   | Gained mutation: Armour fits poorly on your strangely
                  | shaped body. [potion of mutation]
 13711 | Lair:1   | Lost mutation: You are weak. (Str -2) [potion of mutation]
 13712 | Lair:1   | Lost mutation: Armour fits poorly on your strangely shaped
                  | body. [potion of mutation]
 13712 | Lair:1   | Gained mutation: You possess an exceptional clarity of
                  | mind. [potion of mutation]
 13712 | Lair:1   | Gained mutation: You are dopey. (Int -2) [potion of
                  | mutation]
 13712 | Lair:1   | Gained mutation: Scrolls take you a little longer to read.
                  | [potion of mutation]
 13712 | Lair:1   | Gained mutation: Your muscles are strong. (Str +2) [potion
                  | of mutation]
 13713 | Lair:1   | Lost mutation: You possess an exceptional clarity of mind.
                  | [potion of mutation]
 13713 | Lair:1   | Lost mutation: Scrolls take you a little longer to read.
                  | [potion of mutation]
 13713 | Lair:1   | Gained mutation: Your flesh is very cold resistant. (rC++)
                  | [potion of mutation]
 13713 | Lair:1   | Gained mutation: You have a pair of small horns on your
                  | head. [potion of mutation]
 13714 | Lair:1   | Lost mutation: You have a pair of small horns on your head.
                  | [potion of mutation]
 13714 | Lair:1   | Lost mutation: Your flesh is very cold resistant. (rC++)
                  | [potion of mutation]
 13714 | Lair:1   | Gained mutation: Your system is resistant to poisons.
                  | (rPois) [potion of mutation]
 13714 | Lair:1   | Gained mutation: Your muscles are very strong. (Str +4)
                  | [potion of mutation]
 13714 | Lair:1   | Gained mutation: You have a beak for a mouth. [potion of
                  | mutation]
 13825 | Lair:1   | Received a gift from Nemelex Xobeh
 14117 | Lair:1   | Noticed a seven-headed hydra
 14124 | Lair:1   | Killed an eight-headed hydra
 14275 | Lair:1   | Reached **** piety under Nemelex Xobeh
 14338 | Lair:1   | Reached skill level 1 in Staves
 14773 | Lair:2   | Noticed a boulder beetle
 14802 | Lair:2   | Received a gift from Nemelex Xobeh
 15097 | Lair:2   | Slain by a boulder beetle

Illustrated notes

Levels and vault maps discovered:
D:1:      evilmike_arrival_plus, layout_basic, kennysheep_doodads,
          chequers_serial_rivers_micro_d
D:2:      minmay_kobold_bridge, layout_loops_ring, minmay_splitting_lines,
          minmay_3d_cube
D:3:      layout_basic, marbit_many_paths, st_stairs_14, okawaru_trees_2
D:4:      layout_rooms, lemuel_round_altar, nicolae_overflow_hidden_temple,
          minmay_temple_entry_nine_rooms, serial_shops, kennysheep_little_box,
          serial_undead, serial_undead_e, serial_undead_a, serial_undead_a,
          serial_undead_a, uniq_ijyb, uniq_edmund
D:5:      layout_basic, minmay_misc_feat_tiny
D:6:      minmay_diamond_boxcup, layout_layer_cave, uniq_menkaure
D:7:      layout_loops_corners, nicolae_ashenzari_panopticon, serial_shops,
          nicolae_shop_window_shopping, nicolae_dithmenos_the_darkroom,
          uniq_joseph
D:8:      layout_rooms, lemuel_crystal_altar, nzn_hepliaklqana_mist_gate,
          minmay_three_doors
D:9:      layout_rooms, fedhas_altar_4, uniq_harold
D:10:     layout_cross, erik_lair_orcish_takeover, serial_park,
          serial_park_tiny_pond, st_stairs_4
Temple:   nicolae_temple_great_sept
Lair:1:   layout_gridlike, lemuel_fruit_fields, infiniplex_staircase_pool
Lair:2:   layout_loops_ring, grunt_megastairs_2, serial_bayou_shore_b

Skill      XL: |  1  2  3  4  5  6  7  8  9 10 11 |
---------------+----------------------------------+-----
Polearms       | 3 4 5 6 8 9 |  9.5
Dodging        | 3 |  3.5
Armour         | 1 2 3 4 5 7 |  7.6
Short Blades   | 1 |  1.5
Throwing       | 2 |  2.5
Slings         | 1 2 3 4 5 6 |  6.0
Fighting       | 3 4 5 7 8 9 |  9.7
Evocations     | 1 |  1.9
Stealth        | 1 |  1.0
Bows           | 1 |  1.5
Staves         | 3 |  3.1

Action                   |  1- 3 |  4- 6 |  7- 9 | 10-12 || total
-------------------------+-------+-------+-------+-------++-------
Melee: Trident           |    41 |     3 |       |       ||    44
       Spear             |    71 |   121 |   403 |   341 ||   936
       Dagger            |    49 |    41 |       |       ||    90
       Kick              |    18 |    51 |   128 |   169 ||   366
       Lajatang          |       |       |       |    64 ||    64
       Peck              |       |       |       |    17 ||    17
 Fire: Hunting sling     |       |    35 |    75 |    57 ||   167
       Shortbow          |       |       |       |    21 ||    21
Throw: Throwing net      |     3 |       |     2 |       ||     5
       Dart              |       |       |     6 |     3 ||     9
       Boomerang         |       |       |     1 |     3 ||     4
Invok: Draw Destruction  |       |       |     2 |     3 ||     5
       Draw Summoning    |       |       |     1 |     1 ||     2
       Draw Escape       |       |       |     1 |       ||     1
Evoke: Wand              |       |       |     7 |    14 ||    21
  Use: Scroll            |     4 |     2 |     8 |     5 ||    19
       Potion            |     2 |     2 |       |    19 ||    23
 Stab: Held in net/web   |       |       |     1 |       ||     1
       Distracted        |       |       |       |     1 ||     1
Armor: Leather armour    |    29 |       |       |       ||    29
       Plate armour      |    11 |    72 |   269 |   262 ||   614
       Ring mail         |     2 |       |       |       ||     2
Dodge: Dodged            |    71 |    23 |   104 |   111 ||   309
